 Dungeon Crawl Stone Soup version 0.32-a0-485-g70f7560b1c (webtiles) character file.

Game seed: 11699542823076775311

72151 whatisthis the Spry (level 14, -31/71 HPs)
             Began as a Spriggan Hunter on Feb 26, 2024.
             Was an Elder of Hepliaklqana.
             Blown up by an orb spider (72 damage)
             ... with an orb of destruction
             ... on level 1 of the Spider Nest on Feb 27, 2024.
             The game lasted 01:00:48 (19024 turns).

whatisthis the Spry (Spriggan Hunter)              Turns: 19024, Time: 01:00:50

Health: -31/71     AC:  8    Str:  7    XL:     14   Next: 63%
Magic:  17/17      EV: 41    Int: 10    God:    Hepliaklqana [****..]
Gold:   1113       SH:  0    Dex: 30    Spells: 13/13 levels left

rFire   . . .        D - +1 shortbow (flame)
rCold   . . .        (shield currently unavailable)
rNeg    . . .        B - +0 steam dragon scales
rPois   +            (helmet restricted)
rElec   .            F - +2 cloak {rPois}
rCorr   .            (gloves unavailable)
SInv    +            (boots unavailable)
Will    ++...        E - amulet of regeneration
Stlth   +++++++      k - ring of poison resistance
HPRegen 1.11/turn    R - +6 ring of dexterity
MPRegen 0.15/turn

%: no passive effects
@: studying Throwing, very quick
A: reduced essence, very small, no large weapons, unfitting armour, see
invisible, speed 3
a: Renounce Religion, Recall Ancestor, Ancestor Identity, Transference, Idealise


You were on level 1 of the Spider Nest.
You worshipped Hepliaklqana.
Hepliaklqana was greatly pleased with you.
You visited 4 branches of the dungeon, and saw 18 of its levels.

You collected 1113 gold pieces.

Inventory:

Hand Weapons
 x - a +3 dagger of venom
 D - a +1 shortbow of flaming (weapon)
Missiles
 c - 2 throwing nets
 l - 38 poisoned darts
 G - 2 atropa-tipped darts
 T - 5 curare-tipped darts
Armour
 B - +0 steam dragon scales (worn)
 F - a +2 cloak of poison resistance (worn)
Jewellery
 k - a ring of poison resistance (left hand)
 E - an amulet of regeneration (around neck)
 O - a +6 ring of intelligence
 R - a +6 ring of dexterity (right hand)
 S - a ring of protection from cold
Wands
 a - a wand of iceblast (3)
 q - a wand of acid (7)
 J - a wand of mindburst (7)
 M - a wand of flame (10)
 N - a wand of polymorph (5)
Scrolls
 b - a scroll of butterflies
 f - a scroll of brand weapon
 g - 3 scrolls of enchant weapon
 i - 6 scrolls of poison
 j - 3 scrolls of torment
 m - 4 scrolls of revelation
 n - 8 scrolls of teleportation
 s - 3 scrolls of blinking
 w - 2 scrolls of fog
 y - 2 scrolls of enchant armour
 C - 3 scrolls of vulnerability
 H - a scroll of immolation
 L - a scroll of summoning
 Q - 2 scrolls of fear
 U - 2 scrolls of silence {unknown}
 V - a scroll of noise {unknown}
 W - a scroll of amnesia {unknown}
Potions
 d - 5 potions of curing
 e - 3 potions of haste {unknown}
 h - 2 potions of magic
 o - 2 potions of degeneration {unknown}
 p - 2 potions of lignification {unknown}
 r - 2 potions of cancellation {unknown}
 t - 2 potions of resistance {unknown}
 u - a potion of ambrosia {unknown}
 v - 3 potions of attraction {unknown}
 z - 5 potions of mutation
 A - 3 potions of heal wounds {unknown}
 I - 2 potions of brilliance {unknown}
 K - 2 potions of enlightenment {unknown}
 P - a potion of invisibility {unknown}


   Skills:
 + Level 11.7 Fighting
 + Level 14.2 Ranged Weapons
 + Level 17.5 Dodging
 - Level 15.8 Stealth
 - Level 3.9 Invocations
 - Level 5.3 Evocations


You had 13 spell levels left.
You didn't know any spells.
Your spell library contained the following spells:

 Spells                   Type           Power      Damage    Failure   Level
 Apportation              Tloc           0%         N/A       36%         1
 Foxfire                  Conj/Fire      0%         2x1d4     36%         1
 Freeze                   Ice            0%         1d3       36%         1
 Magic Dart               Conj           0%         1d3       36%         1
 Sandblast                Erth           0%         2d4       36%         1
 Blink                    Tloc           0%         N/A       50%         2
 Call Imp                 Summ           0%         N/A       50%         2
 Cigotuvi's Dreadful Rot  Necr/Alch/Air  0%         N/A       50%         2
 Ensorcelled Hibernation  Hex/Ice        0%         N/A       50%         2
 Jinxbite                 Hex            0%         N/A       50%         2
 Frozen Ramparts          Ice            0%         1d1       75%         3
 Fugue of the Fallen      Necr           0%         N/A       75%         3
 Hailstorm                Conj/Ice       0%         3d5       75%         3
 Ozocubu's Armour         Ice            0%         N/A       75%         3
 Passwall                 Erth           0%         N/A       75%         3
 Stone Arrow              Conj/Erth      0%         3d7       75%         3
 Summon Ice Beast         Ice/Summ       0%         N/A       75%         3
 Swiftness                Air            0%         N/A       75%         3
 Anguish                  Hex/Necr       0%         N/A       98%         4
 Brom's Barrelling Bould  Conj/Erth      0%         2d3       98%         4
 Cause Fear               Hex            0%         N/A       98%         4
 Dispel Undead            Necr           0%         3d6       98%         4
 Leda's Liquefaction      Alch/Erth      0%         N/A       98%         4
 Manifold Assault         Tloc           0%         N/A       98%         4
 Martyr's Knell           Necr/Summ      0%         N/A       98%         4
 Olgreb's Toxic Radiance  Alch           0%         N/A       98%         4
 Alistair's Intoxication  Alch           0%         N/A       100%        5
 Lee's Rapid Deconstruct  Erth           0%         3d4*      100%        5
 Yara's Violent Unravell  Hex/Alch       0%         3d3       100%        5
 Bombard                  Conj/Erth      0%         9d1       100%        6
 Death Channel            Necr           0%         N/A       100%        6
 Plasma Beam              Fire/Air       0%         2x1d10    100%        6
 Sculpt Simulacrum        Ice/Alch       0%         N/A       100%        6
 Starburst                Conj/Fire      0%         6d3       100%        6
 Enfeeble                 Hex            0%         N/A       100%        7
 Ozocubu's Refrigeration  Ice            0%         4d7       100%        7
 Discord                  Hex            0%         N/A       100%        8
 Polar Vortex             Ice            0%         N/A       100%        9


Dungeon Overview and Level Annotations

Branches:
Dungeon (11/15)            Temple (1/1) D:7            Lair (5/5) D:8
 Shoals (0/4) Lair:2       Spider (1/4) Lair:3        Slime (0/5) Lair:4
    Orc: D:9-12

Altars:
Ashenzari
Cheibriados
Dithmenos
Elyvilon
Fedhas
Gozag
Hepliaklqana
Kikubaaqudgha
Makhleb
Nemelex Xobeh
Okawaru
Qazlal
Ru
Sif Muna
Trog
Uskayaw
Vehumet
Wu Jian
Xom
Yredelemnul
Zin
The Shining One
Jiyva
Lugonu

Shops:
D:7 *

Portals:
Abyss: Lair:5
Trove: D:10 (give +5 fire dragon scales)
Volcano: Lair:1

Annotations:
D:3 3 runed translucent doors, Lahburn's ghost, amateur MDFi; Scrimshaw's ghost, amateur CoHs; ezpacito's ghost, weakling DsCK
Lair:1 Urug
Lair:3 3 runed translucent doors
Lair:4 1 runed translucent door
Spider:1 1 runed translucent door, mdonais's ghost, adept OpAl


Innate Abilities, Weirdness & Mutations

Your life essence is reduced to manifest your ancestor. (-10% HP)
You are very small and have problems with some larger weapons.
You are too small for most types of armour.
You have supernaturally acute eyesight. (SInv)
You cover ground extremely quickly. (Speed+++)


Message History

The arrow hits the orb spider!
The arrow burns the orb spider.
The orb spider is heavily wounded.
The culicivora completely misses you.
The culicivora chitters at the culicivora.
The culicivora is healed somewhat.
Deejydaxt gestures at the culicivora while chanting.
The stone arrow hits the culicivora!
The culicivora dies!
The culicivora completely misses you.
You shoot an arrow.
The arrow closely misses the culicivora.
The orb spider pulsates with a strange energy.
The culicivora bites you!!
The culicivora draws strength from your injuries!
You shoot an arrow.
The arrow closely misses the culicivora.
The culicivora chitters at the orb spider.
The orb spider is healed somewhat.
You shoot an arrow. The arrow misses the culicivora.
The culicivora chitters at the orb spider.
The orb spider is healed somewhat.
Deejydaxt hits the culicivora with a +0 quarterstaff!!
The culicivora dies!
You shoot an arrow. Deejydaxt avoids your attack.
The arrow closely misses the orb spider.
The orb spider weaves a glowing orb of energy.
An orb of destruction comes into view.
You shoot an arrow. Deejydaxt avoids your attack.
The arrow hits the orb spider!
The arrow burns the orb spider.
The orb spider is moderately wounded.
You shoot an arrow. Deejydaxt avoids your attack.
The arrow hits the orb spider!
The arrow burns the orb spider.
The orb spider is severely wounded.
You shoot an arrow. Deejydaxt avoids your attack.
The arrow hits the orb spider!
The arrow burns the orb spider.
You kill the orb spider!
The orb of destruction hits you!!!!
Ouch! That really hurt!
You die...
Hepliaklqana delivers you to your ancestors.

#.....## ### #..†## ....##.
#....## ##^####...####...# .
#...## #...# #..........# #
#..s## #...####........####
#....## ###....##............#
#.....####.......###..#.......#
#........#...#......#.#........
#........##..............).....
#...##....○R.○@....#......#.#..
#^...#......○.#..#...#.#....##.
##.^.#.)....>.#.###........^.#.
#...#....##...## #..........##
##^ ##.###..### ##.....#....#
### #### ##.#..#...##
######...# #....## ##.....


You could see the friendly Deejydaxt the battlemage.

Vanquished Creatures
  Erolcha (D:9)
  2 hydras
  3 two-headed ogres
  A jorogumo (Spider:1)
  2 thrashing horrors (Lair:5)
  4 orb spiders (Spider:1)
  2 steelbarb worms (Spider:1)
  Pikel (D:9)
  2 deep elf pyromancers
  5 ugly things
  5 wolf spiders
  Maurice (D:7)
  A cyclops (D:10)
  A merfolk siren (Lair:2)
  10 elephants
  A black mamba (Lair:5)
  A smoke demon (Lair:5)
  Jeremiah (D:7)
  A kobold demonologist (D:8)
  2 cane toads (Lair:5)
  2 rime drakes
  An unseen horror (D:9)
  A komodo dragon (Lair:1)
  A polar bear (Lair:5)
  5 hornets
  A troll (D:8)
  A troll (shapeshifter) (Lair:5)
  Prince Ribbit (D:9)
  14 blink frogs
  6 tarantellas (Spider:1)
  2 raiju (Lair:5)
  4 slime creatures (D:6)
  A ynoxinul (Lair:5)
  3 jumping spiders (Spider:1)
  4 wyverns
  6 culicivoras
  3 wraiths
  A shadow (D:11)
  27 yaks
  2 basilisks (Lair:5)
  7 redbacks (Spider:1)
  4 fire elementals (Spider:1)
  Menkaure (D:7)
  2 steam dragons
  2 acid dragons
  12 water moccasins
  4 hell hounds (Spider:1)
  An ice beast (D:6)
  3 orc warriors
  2 sky beasts (D:6)
  3 black bears
  3 small abominations (Lair:5)
  3 ogres
  5 centaurs
  A lemure (D:9)
  2 phantoms
  A kobold brigand (D:11)
  8 bullfrogs
  3 scorpions
  9 wights
  5 killer bees
  A howler monkey (D:8)
  A bombardier beetle (D:6)
  A lava snake (D:7)
  A hound (D:5)
  3 jellies
  4 orc priests
  4 gnoll boudas
  A sleepcap (D:5)
  4 iguanas
  10 orc wizards
  Ijyb (D:3)
  9 hell rats
  19 gnolls
  4 adders
  2 shadow imps (D:5)
  2 white imps
  2 ufetubi (D:7)
  3 dart slugs
  A ribbon worm (D:2)
  41 orcs
  9 ball pythons
  6 endoplasms
  5 giant cockroaches
  11 hobgoblins
  6 jackals
  4 quokkas
  8 bats
  5 goblins
  14 kobolds
  2 rats
398 creatures vanquished.

Vanquished Creatures (collateral kills)
  Jorgrun (Spider:1)
  Azrael (Spider:1)
  A hydra (Lair:2)
  A boulder beetle (Lair:1)
  A skyshark (Lair:4)
  2 orb spiders (Spider:1)
  2 steelbarb worms (Spider:1)
  2 wolf spiders (Spider:1)
  3 ugly things (Lair:5)
  A moth of wrath (Spider:1)
  A black mamba (Lair:5)
  A meliai (shapeshifter) (Lair:5)
  An elephant (Lair:4)
  9 cane toads
  A smoke demon (Lair:5)
  A torpor snail (Spider:1)
  4 komodo dragons
  2 rime drakes (Lair:5)
  A troll (D:10)
  9 blink frogs
  2 jumping spiders (Spider:1)
  3 culicivoras
  A spriggan (Lair:5)
  A shadow (D:11)
  A wyvern (Lair:4)
  10 yaks
  5 basilisks
  4 redbacks (Spider:1)
  A naga (shapeshifter) (Lair:5)
  2 water moccasins
  5 small abominations (Lair:5)
  2 bullfrogs (Lair:1)
  A gnoll sergeant (D:9)
  2 wights (D:9)
  2 hell rats (Lair:4)
  2 kobolds (D:11)
89 creatures vanquished.

Vanquished Creatures (others)
  12 battlemagi
  2 ancestors (D:9)
14 creatures vanquished.

Grand Total: 501 creatures vanquished

Notes
Turn   | Place    | Note
-------+----------+-------------------------------------------
     0 | D:1      | whatisthis the Spriggan Hunter began the quest for the Orb.
     0 | D:1      | Reached XP level 1. HP: 10/10 MP: 2/2
    70 | D:1      | Reached skill level 3 in Dodging
    70 | D:1      | Reached XP level 2. HP: 15/15 MP: 3/3
   408 | D:1      | Reached XP level 3. HP: 18/18 MP: 4/4
  1381 | D:2      | Identified the +6 scale mail "Coaff" {+Blink rN++ rCorr
                  | Str-2}
  1513 | D:3      | Noticed Ijyb
  1552 | D:3      | Reached XP level 4. HP: 21/23 MP: 5/5
  1735 | D:3      | Killed Ijyb
  2007 | D:3      | Identified the +9 falchion of Cheibriados's Anger {holy,
                  | Int+3}
  2126 | D:3      | Found a runed translucent gate.
  2127 | D:3      | Found a runed translucent gate.
  2128 | D:3      | Found a runed translucent gate.
  2265 | D:3      | Noticed ezpacito's ghost (weakling DsCK)
  2266 | D:3      | Noticed Scrimshaw's ghost (amateur CoHs)
  2266 | D:3      | Noticed Lahburn's ghost (amateur MDFi)
  2398 | D:3      | Found a faded altar of an unknown god.
  2549 | D:4      | Reached skill level 4 in Dodging
  2563 | D:4      | Reached XP level 5. HP: 27/27 MP: 6/6
  2666 | D:4      | Reached skill level 5 in Ranged Weapons
  2728 | D:4      | Found an ancient bone altar of Kikubaaqudgha.
  2740 | D:4      | Noticed a black bear
  2806 | D:4      | Killed a black bear
  2807 | D:4      | Reached skill level 5 in Stealth
  2807 | D:4      | Reached XP level 6. HP: 32/32 MP: 7/7
  3045 | D:4      | Found a radiant altar of Vehumet.
  3131 | D:4      | Reached skill level 5 in Dodging
  3378 | D:5      | Entered Level 5 of the Dungeon
  3518 | D:5      | Reached XP level 7. HP: 36/36 MP: 8/8
  4246 | D:5      | Reached skill level 6 in Dodging
  4809 | D:5      | Reached XP level 8. HP: 27/42 MP: 9/9
  5143 | D:6      | Reached skill level 7 in Dodging
  5663 | D:6      | Reached skill level 8 in Dodging
  5780 | D:6      | Found a burning altar of Makhleb.
  5780 | D:6      | Found a snail-covered altar of Cheibriados.
  5785 | D:6      | Found a stormy altar of Qazlal.
  5787 | D:6      | Found a blossoming altar of Fedhas.
  5788 | D:6      | Found a basalt altar of Yredelemnul.
  6022 | D:7      | Reached skill level 5 in Fighting
  6022 | D:7      | Reached XP level 9. HP: 20/47 MP: 10/10
  6149 | D:7      | Found a staircase to the Ecumenical Temple.
  6382 | D:7      | You fall into a shaft and drop 2 floors!
  6401 | D:9      | Noticed Erolcha
  6479 | D:8      | Noticed a purple ugly thing
  6680 | D:9      | Noticed Prince Ribbit
  6745 | D:9      | Killed Prince Ribbit
  6746 | D:9      | Reached skill level 10 in Stealth
  7169 | D:7      | Noticed Menkaure
  7203 | D:7      | Killed Menkaure
  7399 | D:6      | Reached skill level 9 in Dodging
  8323 | D:7      | Found Mitirushi's Assorted Antiques.
  8651 | D:7      | Noticed a deep elf pyromancer
  8834 | D:7      | Killed a deep elf pyromancer
  8835 | D:7      | Reached XP level 10. HP: 35/53 MP: 11/11
  9063 | D:7      | Reached skill level 10 in Dodging
  9171 | D:8      | Noticed Maurice
  9171 | D:8      | Noticed Jeremiah
  9312 | Temple   | Entered the Ecumenical Temple
  9349 | Temple   | Became a worshipper of Hepliaklqana the Forgotten
  9483 | D:8      | Maurice stole 16 poisoned darts
  9484 | D:8      | Maurice stole a +3 short sword of venom
  9489 | D:7      | Killed Maurice
  9579 | D:7      | Killed Jeremiah
  9708 | D:8      | Killed a purple ugly thing
  9813 | D:8      | Found a staircase to the Lair.
  9832 | D:8      | Paralysed by a hornet for 2 turns
 10118 | D:8      | Reached skill level 11 in Dodging
 10429 | D:8      | Noticed a purple ugly thing
 10641 | D:8      | Noticed a two-headed ogre
 10645 | D:8      | Identified the +5 trident of Wavvuorph {heavy, Str+4 SInv}
 10645 | D:8      | Noticed a deep elf pyromancer
 10646 | D:8      | Noticed a two-headed ogre
 10650 | D:8      | Killed a two-headed ogre
 10671 | D:8      | Killed a two-headed ogre
 10672 | D:8      | Reached XP level 11. HP: 55/58 MP: 12/12
 10681 | D:8      | Killed a deep elf pyromancer
 10736 | D:8      | Noticed an eight-headed hydra
 10787 | D:8      | Killed an eight-headed hydra
 11021 | D:8      | Reached * piety under Hepliaklqana
 11111 | D:8      | Killed a purple ugly thing
 11112 | D:8      | Reached skill level 10 in Ranged Weapons
 11112 | D:8      | Reached skill level 12 in Dodging
 11783 | D:9      | Noticed Pikel
 11795 | D:9      | Killed Pikel
 11924 | D:9      | Killed Erolcha
 12191 | D:9      | Noticed a two-headed ogre
 12195 | D:9      | Killed a two-headed ogre
 12196 | D:9      | Reached skill level 15 in Stealth
 12310 | D:10     | Entered Level 10 of the Dungeon
 12385 | D:10     | Found a portal to a secret trove of treasure.
 12499 | D:10     | Reached skill level 13 in Dodging
 12517 | D:10     | Reached XP level 12. HP: 56/58 MP: 13/13
 13073 | D:11     | Identified the blade talisman "Agupaleo" {rF- rC+ rN+
                  | Str+3}
 13365 | D:11     | Reached ** piety under Hepliaklqana
 13366 | D:11     | Remembered your ancestor Deejydaxt as a battlemage
 13513 | Lair:1   | Entered Level 1 of the Lair of Beasts
 13698 | Lair:1   | Noticed a boulder beetle
 13748 | Lair:1   | Killed a boulder beetle
 13814 | Lair:1   | Noticed Urug
 13836 | Lair:1   | Found a dark tunnel.
 14019 | Lair:1   | Reached skill level 1 in Evocations
 14191 | Lair:2   | Reached skill level 1 in Invocations
 14402 | Lair:2   | Noticed a four-headed hydra
 14410 | Lair:2   | Killed a four-headed hydra
 14609 | Lair:2   | Found a staircase to the Shoals.
 14624 | Lair:2   | Reached skill level 14 in Dodging
 15006 | Lair:3   | Reached *** piety under Hepliaklqana
 15092 | Lair:3   | Found a hole to the Spider Nest.
 15242 | Lair:3   | Found a runed translucent gate.
 15242 | Lair:3   | Found a runed translucent gate.
 15243 | Lair:3   | Found a runed translucent gate.
 15267 | Lair:3   | Reached XP level 13. HP: 61/63 MP: 16/16
 15364 | Lair:3   | Reached skill level 5 in Evocations
 15790 | Lair:4   | Reached skill level 15 in Dodging
 15801 | Lair:4   | Reached **** piety under Hepliaklqana
 15876 | Lair:4   | Found a runed translucent door.
 15877 | Lair:4   | Found a viscous altar of Jiyva.
 15877 | Lair:4   | Noticed an acid blob
 15878 | Lair:4   | Found a staircase to the Slime Pits.
 15878 | Lair:4   | Noticed an acid blob
 16053 | Lair:4   | Reached skill level 10 in Fighting
 16393 | Lair:5   | Entered Level 5 of the Lair of Beasts
 17281 | Lair:5   | Reached skill level 16 in Dodging
 17290 | Lair:5   | Reached ***** piety under Hepliaklqana
 17386 | Lair:5   | Reached XP level 14. HP: 69/69 MP: 13/17
 17402 | Lair:5   | Found a corrupted altar of Lugonu.
 17402 | Lair:5   | Found a one-way gate to the infinite horrors of the Abyss.
 17407 | Lair:5   | Got an earthy gem with 1215 turns to spare
 17874 | Spider:1 | Entered Level 1 of the Spider Nest
 18075 | Spider:1 | Noticed Jorgrun
 18088 | Spider:1 | Killed Jorgrun
 18375 | Spider:1 | Reached skill level 17 in Dodging
 18483 | Spider:1 | Noticed Azrael
 18865 | Spider:1 | Noticed mdonais's ghost (adept OpAl)
 18883 | Spider:1 | Found a runed translucent door.
 18896 | Spider:1 | Killed Azrael
 19024 | Spider:1 | Blown up by an orb spider

Illustrated notes

Levels and vault maps discovered:
D:1:      evilmike_arrival_plus, layout_basic, serial_bayou_pond_c
D:2:      layout_loops_cross
D:3:      layout_loops_ring, shapermc_ecumenical_altar_petra,
          gammafunk_ghost_cemetery, grunt_ministairs_6,
          kennysheep_generic_room_14, uniq_ijyb
D:4:      layout_loops_ring, fiery_altar_vehumet,
          nicolae_kikubaaqudgha_miasma_corner, nicolae_grassy_gnolls
D:5:      layout_basic
D:6:      layout_cave_pools, chequers_temple_overflow_minitemple,
          minmay_manual_mares
D:7:      minmay_chambers_of_fours, layout_cave_pods, minmay_temple_entry_glass,
          serial_shops, shop, kennysheep_generic_room_6, uniq_menkaure
D:8:      hangedman_cross_veins, layout_cave_pools, lair_entry_dummy,
          uniq_maurice, uniq_jeremiah
D:9:      layout_basic, uniq_pikel, uniq_erolcha, uniq_prince_ribbit1
D:10:     layout_loops_ring, enter_trove_0
D:11:     layout_loops_cross
Temple:   regret_index_temple_generic_petals
Lair:1:   layout_loops_ring, enter_volcano_3, uniq_urug
Lair:2:   layout_chaotic_city, minmay_shoals_entry_lonely_mermaid
Lair:3:   lemuel_slime, layout_chaotic_city, dummy_spider_entry,
          gammafunk_ghost_necromancy, grunt_megastairs_5
Lair:4:   layout_hall_layers, slime_entry_2
Lair:5:   hellmonk_lair_end_abyssal_woods, layout_regular_city,
          chequers_serial_rivers_room_a
Spider:1: layout_spider_delve, hellmonk_ghost_happy_afterlife, uniq_azrael,
          uniq_jorgrun

Skill      XL: |  1  2  3  4  5  6  7  8  9 10 11 12 13 14 |
---------------+-------------------------------------------+-----
Stealth        | 2 3 4 5 7 9 11 13 15 | 15.8
Dodging        | 3 4 5 6 8 9 11 13 14 16 17 | 17.5
Fighting       | 2 3 5 6 7 8 9 10 11 | 11.7
Ranged Weapons | 5 6 7 8 9 10 11 13 14 | 14.2
Evocations     | 4 5 |  5.3
Invocations    | 3 |  3.9

Action                     |  1- 3 |  4- 6 |  7- 9 | 10-12 | 13-15 || total
---------------------------+-------+-------+-------+-------+-------++-------
  Melee: Short sword       |       |       |    13 |    14 |       ||    27
         Dagger            |       |       |       |     9 |       ||     9
   Fire: Shortbow          |   104 |   196 |   551 |   842 |   800 ||  2493
  Throw: Dart              |       |       |       |       |     1 ||     1
 Invoke: Recall Ancestor   |       |       |       |     4 |     3 ||     7
         Ancestor Life: Ba |       |       |       |     1 |       ||     1
         Idealise          |       |       |       |       |     3 ||     3
  Evoke: Wand              |       |       |    18 |    16 |     2 ||    36
    Use: Scroll            |       |       |    10 |     4 |     4 ||    18
 Armour: Robe              |    10 |    20 |    91 |       |       ||   121
         Steam dragon scal |       |       |     2 |    81 |    60 ||   143
  Dodge: Dodged            |    21 |    53 |   266 |   312 |   350 ||  1002

Table legend: (Time is in decaauts)
 A = Elapsed time spent in this place.
 B = Non-inter-level travel time spent in this place.
 C = Inter-level travel time spent in this place.
 D = Time resting spent in this place.
 E = Time spent auto-exploring this place.
 F = Levels seen in this place.
 G = Mean time per level.
                   A        B        C        D        E       F      G
               +--------+--------+--------+--------+--------+-----+--------+
         Total |  13532 |  12873 |    659 |   2417 |   3956 |  18 |  751.8 |
       Dungeon |   9833 |   9322 |    511 |   2118 |   3099 |  11 |  893.9 |
        Temple |     39 |     15 |     24 |      0 |      0 |   1 |   39.0 |
          Lair |   2950 |   2827 |    123 |    156 |    801 |   5 |  590.0 |
   Spider Nest |    709 |    709 |      0 |    143 |     56 |   1 |  709.0 |
               +--------+--------+--------+--------+--------+-----+--------+

Top non-repeatable levels by time:
     D:6: 1514 daAuts
     D:7: 1424 daAuts
     D:9: 1278 daAuts
     D:8: 1239 daAuts
     D:5: 1153 daAuts
  Lair:5: 946 daAuts
     D:4: 749 daAuts
Spider:1: 709 daAuts
     D:3: 680 daAuts
  Lair:4: 625 daAuts
     D:1: 582 daAuts
  Lair:2: 544 daAuts
    D:10: 533 daAuts
  Lair:3: 429 daAuts
     D:2: 417 daAuts
